 Dungeon Crawl Stone Soup version 0.30.1-11-g7821555f0a (webtiles) character file.

Game seed: 5226897590634857509

326 booth the Chopper (level 6, 0/49 HPs)
             Began as a Demonspawn Monk on Dec 21, 2023.
             Was a Believer of Qazlal.
             Slain by a river rat (6 damage)
             ... on level 5 of the Dungeon.
             The game lasted 00:28:15 (4545 turns).

booth the Chopper (Demonspawn Monk)                 Turns: 4545, Time: 00:28:15

Health: 0/49       AC:  4    Str: 12 (13) XL:     6   Next: 24%
Magic:  6/6        EV: 12    Int:  9 (10) God:    Qazlal [**....]
Gold:   140        SH:  6    Dex: 14 (15) Spells: 5/5 levels left

rFire   . . .        a - +1 hand axe
rCold   + . .        (no shield)
rNeg    . . .        g - +1 leather armour
rPois   .            (no helmet)
rElec   .            (no cloak)
rCorr   +            (no gloves)
SInv    .            (no boots)
Will    .....        (no amulet)
Stlth   +            h - ring of resist corrosion
HPRegen 0.28/turn    (no ring)
MPRegen 0.10/turn

%: no passive effects
@: no status effects
A: condensation shield, demonic magic 2, hooves 1, cold resistance 1, dopey 1
a: Renounce Religion, Upheaval


You were on level 5 of the Dungeon.
You worshipped Qazlal.
Qazlal was pleased with you.
You visited 2 branches of the dungeon, and saw 6 of its levels.

You collected 140 gold pieces.

Inventory:

Hand Weapons
 a - a +1 hand axe (weapon)
 r - a +0 mace
Missiles
 n - 6 curare-tipped darts
 o - 6 poisoned darts (quivered)
Armour
 b - a +0 robe
 d - an orb of light
 g - a +1 leather armour (worn)
 v - a +3 ring mail of positive energy
Jewellery
 h - a ring of resist corrosion (left hand)
 k - a ring of ice
 l - a ring of wizardry
Wands
 s - a wand of paralysis (14)
 w - a wand of flame (32)
Scrolls
 f - 3 scrolls of teleportation
 i - 2 scrolls of torment {unknown}
 q - a scroll of magic mapping {unknown}
 t - a scroll of amnesia
 u - a scroll of fog
Potions
 c - a potion of ambrosia
 e - a potion of brilliance
 j - a potion of magic
 m - a potion of might {unknown}
 p - 3 potions of mutation
 x - a potion of invisibility {unknown}


   Skills:
 + Level 4.6 Fighting
 * Level 5.4 Axes
 - Level 2.8 Dodging


You had 5 spell levels left.
You didn't know any spells.
Your spell library contained the following spells:

 Spells                   Type           Power      Damage    Failure   Level
 Shock                    Conj/Air       0%         1d3       45%         1
 Hailstorm                Conj/Ice       0%         3d3       83%         3
 Swiftness                Air            0%         N/A       83%         3
 Airstrike                Air            0%         2d(0-16)  99%         4
 Ice Form                 Ice/Tmut       0%         N/A       99%         4
 Simulacrum               Ice/Necr       0%         N/A       100%        6


Dungeon Overview and Level Annotations

Branches:
Dungeon (5/15)             Temple (1/1) D:5

Altars:
Ashenzari
Cheibriados
Dithmenos
Gozag
Hepliaklqana
Kikubaaqudgha
Makhleb
Nemelex Xobeh
Okawaru
Qazlal
Ru
Sif Muna
Trog
Uskayaw
Vehumet
Wu Jian
Xom
Yredelemnul

Annotations:
D:5 Sigmund


Innate Abilities, Weirdness & Mutations

A meltable shield of frost defends you. (SH +4)
Spells you cast may paralyse nearby enemies.
You have large cloven feet.
Your flesh is cold resistant. (rC+)
You are dopey. (Int -2)


Message History

You hit the river rat.
You kick the river rat, but do no damage.
The river rat is heavily wounded.
You barely miss the river rat. You hit the river rat but do no damage.
The river rat bites you. x2; The river rat barely misses you.
You hit the river rat. You kick the river rat.
The river rat is almost dead.
You hit the river rat. You barely miss the river rat. The river rat bites you!
* * * LOW HITPOINT WARNING * * *
The river rat bites you.
* * * LOW HITPOINT WARNING * * *
The river rat barely misses you.
You closely miss the river rat. Your kick misses the river rat.
The river rat is almost dead.
You hit the river rat but do no damage. You hit the river rat.
The river rat closely misses you. The river rat barely misses you.
You block the river rat's attack.
You hit the river rat.
You kill the river rat!
Qazlal accepts your kill.
You hit the river rat.
You kill the river rat!
Qazlal accepts your kill.
You completely miss the river rat. You block the river rat's attack.
You feel your strength returning.
The rat twitches its whiskers.
The river rat twitches its whiskers.
The river rat attacks as you move away! You block the river rat's attack.
The rat attacks as you move away! The rat barely misses you.
The rat attacks as you move away! The rat barely misses you.
The river rat bites you.
* * * LOW HITPOINT WARNING * * *
You see here a dart slug corpse.
The river rat attacks as you move away!
The river rat bites you but does no damage.
You hit the river rat but do no damage.
You kick the river rat, but do no damage.
The river rat bites you.
* * * LOW HITPOINT WARNING * * *
You barely miss the river rat. The river rat bites you.
You die...

######### #...r...#
##r#####.# #.r#..r#.#
#r##.rr#.# #†##rr.#r#
#####.##rr.rr#
#...rr.#rrr#.# #####
#.>..@.#rrr#.# #...#
#......#.r.#.# ###..
#......#####.#######..
#...............^..#.#
#........#######......
#........# #......###
#........####.####....
#.............# #####
#####.###.#####


You could see 5 river rats.

Vanquished Creatures
  A hound (D:3)
  Jessica (D:3)
  A sleepcap (D:5)
  2 iguanas
  3 gnolls (D:4)
  2 river rats (D:5)
  4 adders
  2 ufetubi
  A worm (D:2)
  3 dart slugs
  4 orcs
  5 ball pythons
  5 bats
  7 endoplasms
  4 giant cockroaches
  3 goblins
  9 hobgoblins
  9 jackals (D:2)
  6 kobolds
  4 quokkas
  4 frilled lizards
  5 rats
85 creatures vanquished.

Notes
Turn   | Place    | Note
-------+----------+-------------------------------------------
     0 | D:1      | booth the Demonspawn Monk began the quest for the Orb.
     0 | D:1      | Reached XP level 1. HP: 18/18 MP: 1/1
   290 | D:1      | Gained mutation: Spells you cast may paralyse adjacent
                  | enemies. [demonic ancestry]
   290 | D:1      | Reached XP level 2. HP: 20/24 MP: 2/2
   368 | D:1      | Reached skill level 3 in Axes
  1073 | D:2      | Reached XP level 3. HP: 25/29 MP: 3/3
  1898 | D:3      | Gained mutation: Spells you cast may paralyse nearby
                  | enemies. [demonic ancestry]
  1898 | D:3      | Reached XP level 4. HP: 29/37 MP: 4/4
  1920 | D:3      | Reached skill level 4 in Axes
  2304 | D:3      | Noticed Jessica
  2313 | D:3      | Killed Jessica
  2314 | D:3      | Gained mutation: A meltable shield of frost defends you.
                  | (SH +4) [demonic ancestry]
  2314 | D:3      | Reached XP level 5. HP: 24/42 MP: 5/5
  2992 | D:4      | HP: 2/42 [gnoll/+0 halberd (3)]
  3212 | D:4      | Reached skill level 5 in Axes
  3665 | D:4      | Gained mutation: Your flesh is cold resistant. (rC+)
                  | [potion of mutation]
  3665 | D:4      | Gained mutation: You are dopey. (Int -2) [potion of
                  | mutation]
  3665 | D:4      | Gained mutation: You have large cloven feet. [potion of
                  | mutation]
  3680 | D:5      | Entered Level 5 of the Dungeon
  3680 | D:5      | Noticed Sigmund
  3781 | D:5      | Found a staircase to the Ecumenical Temple.
  3790 | Temple   | Entered the Ecumenical Temple
  4223 | Temple   | Became a worshipper of Qazlal Stormbringer
  4223 | Temple   | Reached * piety under Qazlal
  4223 | Temple   | Reached ** piety under Qazlal
  4322 | D:5      | Reached XP level 6. HP: 49/49 MP: 6/6
  4545 | D:5      | Slain by a river rat

Illustrated notes

Levels and vault maps discovered:
D:1:      scummos_arrival_star, layout_basic, serial_co_window_serial,
          co_window_of_opportunity_a, co_window_corner_a, co_window_paths_b,
          co_window_paths_a, co_window_paths_a, co_window_unsneaky_path_a,
          co_window_unsneaky_path_a, co_window_unsneaky_path_b,
          co_window_2corner, co_window_broadway_b, co_window_of_opportunity_c,
          co_window_corner_cb, co_window_4corner_a, glass_columns_a,
          glass_columns_b
D:2:      cheibrodos_old_hovel, layout_loops_cross, serial_bayou_ford_a
D:3:      layout_basic, kennysheep_generic_room_3, uniq_jessica
D:4:      layout_gridville, minmay_tree_intersection
D:5:      layout_rooms, lemuel_temple_firewalk_a, dk_rats_in_the_wall,
          uniq_sigmund
Temple:   mainiacjoe_temple_big_plus

Skill      XL: |  1  2  3  4  5 |
---------------+----------------+-----
Axes           | 3 4 5 |  5.4
Fighting       | 4 |  4.6
Dodging        | |  2.8

Action                     |  1- 3 |  4- 6 || total
---------------------------+-------+-------++-------
  Melee: Hand axe          |   112 |   157 ||   269
         Kick              |       |     9 ||     9
  Throw: Dart              |       |     2 ||     2
    Use: Scroll            |     4 |     8 ||    12
         Potion            |     2 |     6 ||     8
 Armour: Robe              |     1 |       ||     1
         Leather armour    |    25 |    33 ||    58
  Dodge: Dodged            |    89 |   115 ||   204
  Block: Orb               |       |    10 ||    10
         Other             |       |    10 ||    10
